 Dungeon Crawl Stone Soup version 0.29-a0-565-g7a16c6de65 (webtiles) character file.

Game seed: 3112708758616640393

4745 Bruhh the Carver (level 10, 0/85 HPs)
             Began as a Merfolk Gladiator on June 12, 2022.
             Was a Follower of Wu Jian.
             Killed from afar by an acid dragon (2 damage)
             ... with a splash of acid
             ... on level 9 of the Dungeon.
             The game lasted 00:13:41 (12229 turns).

Bruhh the Carver (Merfolk Gladiator)               Turns: 12229, Time: 00:13:42

Health: 0/85       AC:  4    Str: 15    XL:     10   Next: 46%
Magic:  10/10      EV: 16    Int:  8    God:    Wu Jian [*.....]
Gold:   448        SH:  0    Dex: 19    Spells: 9/9 levels left

rFire   . . .      SeeInvis .   a - +0 long sword
rCold   . . .      Faith    .   (no shield)
rNeg    . . .      Spirit   .   p - +2 ring mail "Asaasax" {+Inv}
rPois   .          Reflect  .   c - +0 helmet
rElec   .          Harm     .   i - +2 cloak
rCorr   +          Rampage  .   v - +0 pair of gloves
Will    +....                   (no boots)
Stlth   +.........              (no amulet)
HPRegen 0.24/turn               w - ring of resist corrosion
MPRegen 0.12/turn               B - ring of willpower

@: corroded, slowed, very slow
A: (nimble swimmer 2), mertail
a: Renounce Religion, Evoke Invisibility


You were on level 9 of the Dungeon.
You worshipped Wu Jian.
Wu Jian was aware of your devotion.
You visited 2 branches of the dungeon, and saw 10 of its levels.

You collected 448 gold pieces.

Inventory:

Hand Weapons
 a - a +0 long sword (weapon)
Missiles
 d - 3 throwing nets (quivered)
 e - 4 javelins
Armour
 b - a +0 leather armour
 c - a +0 helmet (worn)
 i - a +2 cloak (worn)
 j - a +1 hat
 p - the +2 ring mail "Asaasax" (worn) {+Inv}
   (You found it on level 3 of the Dungeon)

   +Inv:      It lets you turn invisible.
 v - a +0 pair of gloves (worn)
Jewellery
 f - a ring of fire
 w - a ring of resist corrosion (left hand)
 B - a ring of willpower (right hand)
Wands
 s - a wand of flame (27)
 A - a wand of iceblast (6)
 D - a wand of polymorph (12)
 G - a wand of charming (3)
Scrolls
 g - 5 scrolls of teleportation
 h - 5 scrolls of fog
 l - 2 scrolls of enchant armour
 m - 2 scrolls of vulnerability
 o - a scroll of summoning
 q - a scroll of identify
 r - 4 scrolls of amnesia
 t - a scroll of blinking
 u - 2 scrolls of silence
 y - 2 scrolls of magic mapping
 z - a scroll of fear {unknown}
 F - a scroll of torment {unknown}
Potions
 k - a potion of flight
 n - a potion of attraction
 x - a potion of might
 C - a potion of brilliance {unknown}
 E - a potion of curing


   Skills:
 - Level 10.0 Fighting
 - Level 12.0 Long Blades
 - Level 2.0 Throwing
 - Level 10.0 Dodging
 + Level 2.7 Evocations


You had 9 spell levels left.
You didn't know any spells.
Your spell library was empty.

Dungeon Overview and Level Annotations

Branches:
Dungeon (9/15)             Temple (1/1) D:7
   Lair: D:8-11         Orc: D:9-12

Altars:
Ashenzari
Cheibriados
Dithmenos
Elyvilon
Fedhas
Gozag
Hepliaklqana
Kikubaaqudgha
Makhleb
Nemelex Xobeh
Okawaru
Qazlal
Ru
Sif Muna
Trog
Uskayaw
Vehumet
Wu Jian
Xom
Yredelemnul
Zin
The Shining One

Shops:
D:6 :(


Innate Abilities, Weirdness & Mutations

((You are very nimble when in or above water. (Stealth+, EV+, Speed+++)))
Your lower body shifts to a powerful aquatic tail in water.


Message History

The acid dragon closely misses you. The acid dragon barely misses you.
The acid dragon spits acid at you. The splash of acid hits you!! You resist.
The acid corrodes you!
You are too injured to fight recklessly!
You are too injured to fight recklessly!
You are too injured to fight recklessly!
You are too injured to fight recklessly!
You slash the acid dragon!
The acid dragon is heavily wounded.
The acid dragon closely misses you. x2
You hit the acid dragon.
The acid dragon is severely wounded.
The acid dragon closely misses you. The acid dragon claws you.
A vampire comes into view.
You hit the acid dragon but do no damage.
The acid dragon is severely wounded.
The acid dragon spits acid at you. The splash of acid hits you! You resist.
* * * LOW HITPOINT WARNING * * *
The acid corrodes you!
You hit the acid dragon but do no damage.
The acid dragon is severely wounded.
The acid dragon bites you!
* * * LOW HITPOINT WARNING * * *
The acid dragon closely misses you.
You hit the acid dragon.
The acid dragon is severely wounded.
The acid dragon bites you.
* * * LOW HITPOINT WARNING * * *
The acid dragon claws you.
* * * LOW HITPOINT WARNING * * *
The acid dragon bites you!
* * * LOW HITPOINT WARNING * * *
The acid dragon barely misses you.
Blink to where?
Press: ? - help, Dir - move target
As you read the scroll of blinking, it crumbles to dust.
The acid dragon spits acid at you. The splash of acid hits you. You resist.
You die...

##########...........# .
+....................# ..
#########............#.# ...
#.................#.. ....
#.####............#.. .....
#....#............#..
......#######.##...........#.#
......V.D§.....'....)......+.#
.[.....######@##...........#.#
....... #.#..............<
....... #.#.########.....#
####.#+######.#.#########.#..#
........##'#...........#..#
###..................####..#
#........(.........+ ....
##+##..............# ###..
+..............+ +..


You could see a vampire and an acid dragon (catching breath).

Vanquished Creatures
  Joseph (D:8)
  Psyche (D:7)
  Prince Ribbit (D:5)
  A wyvern (D:7)
  A wraith (D:9)
  An acid dragon (D:8)
  A water moccasin (D:8)
  2 sky beasts (D:7)
  A black bear (D:5)
  An ice beast (D:6)
  5 orc warriors
  3 ogres
  A centaur (D:5)
  3 bullfrogs (D:6)
  A necrophage (D:4)
  3 scorpions
  4 wights (D:7)
  6 killer bees
  2 howler monkeys
  A jelly (D:6)
  7 hounds
  Crazy Yiuf (D:5)
  2 gnoll shamans
  7 orc priests
  3 iguanas
  7 orc wizards
  5 adders
  10 gnolls
  3 white imps
  2 ufetubi (D:6)
  3 worms
  19 orcs
  11 ball pythons
  11 endoplasms
  3 giant cockroaches
  14 goblins
  11 hobgoblins
  11 jackals
  6 bats
  9 frilled lizards
  5 kobolds
  6 rats
196 creatures vanquished.

Vanquished Creatures (collateral kills)
  A troll (D:9)
1 creature vanquished.

Vanquished Creatures (others)
  An orc (D:7)
1 creature vanquished.

Grand Total: 198 creatures vanquished

Notes
Turn   | Place    | Note
-------+----------+-------------------------------------------
     0 | D:1      | Bruhh the Merfolk Gladiator began the quest for the Orb.
     0 | D:1      | Reached XP level 1. HP: 16/16 MP: 1/1
    93 | D:1      | Reached skill level 4 in Long Blades
    93 | D:1      | Reached XP level 2. HP: 13/22 MP: 2/2
   473 | D:1      | Reached XP level 3. HP: 23/27 MP: 3/3
   694 | D:1      | Reached skill level 5 in Dodging
   698 | D:1      | Found a faded altar of an unknown god.
  1211 | D:2      | Reached XP level 4. HP: 6/33 MP: 4/4
  1698 | D:2      | Reached skill level 5 in Long Blades
  2523 | D:3      | Reached XP level 5. HP: 21/38 MP: 5/5
  2532 | D:3      | Identified the +2 ring mail "Asaasax" {+Inv}
  3730 | D:4      | Reached skill level 6 in Long Blades
  3730 | D:4      | Reached XP level 6. HP: 44/44 MP: 6/6
  4663 | D:5      | Entered Level 5 of the Dungeon
  4686 | D:5      | Found a runed translucent door.
  4687 | D:5      | Noticed Crazy Yiuf
  4881 | D:5      | Reached skill level 7 in Long Blades
  4881 | D:5      | Reached XP level 7. HP: 32/50 MP: 7/7
  5286 | D:5      | Noticed Prince Ribbit
  5333 | D:5      | Killed Prince Ribbit
  5334 | D:5      | Reached skill level 8 in Long Blades
  5443 | D:5      | Reached XP level 8. HP: 52/56 MP: 8/8
  6138 | D:5      | Killed Crazy Yiuf
  6328 | D:6      | Reached skill level 9 in Long Blades
  6375 | D:6      | Found Nibewyrph's Book Emporium.
  6408 | D:6      | Reached skill level 10 in Dodging
  6795 | D:6      | Found Dusm's Weapon Boutique.
  6816 | D:6      | Reached skill level 10 in Long Blades
  6951 | D:6      | Reached XP level 9. HP: 51/65 MP: 9/9
  7980 | D:7      | Reached skill level 5 in Fighting
  8045 | D:7      | Found an iron altar of Okawaru.
  8104 | D:7      | Found a staircase to the Ecumenical Temple.
  8223 | D:7      | Reached skill level 11 in Long Blades
  8258 | Temple   | Entered the Ecumenical Temple
  8546 | Temple   | Became a worshipper of the Wu Jian Council
  9948 | D:8      | Noticed Psyche
 10258 | D:7      | Killed Psyche
 10259 | D:7      | Reached skill level 12 in Long Blades
 10259 | D:7      | Reached XP level 10. HP: 59/80 MP: 10/10
 10918 | D:8      | Reached * piety under Wu Jian
 11108 | D:8      | Noticed Joseph
 11128 | D:8      | HP: 3/83 [Joseph/+0 quarterstaff (6)]
 11129 | D:8      | Killed Joseph
 11895 | D:9      | Reached skill level 10 in Fighting
 12228 | D:9      | HP: 2/85 [acid dragon (7)]
 12229 | D:9      | Killed from afar by an acid dragon

Illustrated notes

Levels and vault maps discovered:
D:1:      mainiacjoe_arrival_reflecting_pool, layout_loops_cross,
          basic_ecumenical_altar
D:2:      layout_loops_cross, minmay_lizard_pond
D:3:      layout_basic
D:4:      layout_loops_ring
D:5:      layout_loops_ring, kennysheep_generic_room_3, uniq_crazy_yiuf_cottage,
          uniq_prince_ribbit1
D:6:      minmay_skewed_foursquare, layout_basic, serial_shops, shop,
          serial_bayou_pond_d, nrook_uturn, kennysheep_windowed_goal
D:7:      layout_basic, mainiacjoe_overflow_small_starburst, temple_doors_e
D:8:      layout_rooms, enter_bailey_3, minivault_26, uniq_psyche, uniq_joseph
D:9:      layout_basic
Temple:   mainiacjoe_temple_circle_huts

Skill      XL: |  1  2  3  4  5  6  7  8  9 10 |
---------------+-------------------------------+-----
Long Blades    | 4 5 6 7 8 10 12 | 12.0
Dodging        | 5 6 7 9 10 | 10.0
Fighting       | 4 7 10 | 10.0
Evocations     | 2 |  2.7
Throwing       | |  2.0

Action                   |  1- 3 |  4- 6 |  7- 9 | 10-12 || total
-------------------------+-------+-------+-------+-------++-------
Melee: Long sword        |   120 |   235 |   468 |   140 ||   963
       Punch             |     1 |    10 |    11 |     1 ||    23
       Tailslap          |       |       |     2 |       ||     2
       Unarmed           |       |       |     1 |       ||     1
Throw: Throwing net      |       |       |     1 |       ||     1
Invok: Lunge             |       |       |     5 |     9 ||    14
  Use: Potion            |       |       |    10 |     2 ||    12
       Scroll            |       |       |    13 |     2 ||    15
Armor: Leather armour    |    53 |    28 |       |       ||    81
       Ring mail         |       |    49 |   142 |    32 ||   223
       Skin              |       |       |     3 |       ||     3
Dodge: Dodged            |   122 |   143 |   372 |    75 ||   712

Table legend: (Time is in decaauts)
 A = Elapsed time spent in this place.
 B = Non-inter-level travel time spent in this place.
 C = Inter-level travel time spent in this place.
 D = Time resting spent in this place.
 E = Time spent auto-exploring this place.
 F = Levels seen in this place.
 G = Mean time per level.
                   A        B        C        D        E       F      G
               +--------+--------+--------+--------+--------+-----+--------+
         Total |  12216 |  11841 |    375 |   1330 |   8635 |  10 | 1221.6 |
       Dungeon |  11905 |  11562 |    343 |   1330 |   8380 |   9 | 1322.8 |
        Temple |    310 |    278 |     32 |      0 |    255 |   1 |  310.0 |
               +--------+--------+--------+--------+--------+-----+--------+

Top non-repeatable levels by time:
     D:7: 2258 daAuts
     D:6: 1911 daAuts
     D:5: 1644 daAuts
     D:2: 1427 daAuts
     D:3: 1192 daAuts
     D:1: 1095 daAuts
     D:4: 998 daAuts
     D:8: 824 daAuts
     D:9: 551 daAuts
  Temple: 310 daAuts
